Map: Derelict Watcher TE

Players

Erfeyah - Winner!

  • Race: Terran Terran
  • Spawn Location: 7:00

VOD

Have the link to the VOD?

Description

Time

  • Played on: Nov. 28, 2017, 3:42 p.m.
  • Length: 12:45
Show
View Real Time Build Order
Export as new Build Order

Erfeyah Terran - Winner!

Build Orders:  

Get SALT Encoding   

  12  0:03  SCV  
  12  0:17  Supply Depot  
  12  0:21  SCV  
  12  0:35  SCV  
  12  0:44  Barracks  
  12  0:48  SCV  
  12  1:00  SCV  
  12  1:09  Supply Depot  
  12  1:12  SCV  
  12  1:24  Refinery  
  12  1:26  SCV  
  12  1:38  SCV  
  12  1:50  SCV  
  12  1:55  Marine  
  12  2:02  SCV  
  12  2:13  Marine  
  12  2:20  Command Center  
  12  2:28  SCV  
  12  2:30  Marine  
  12  2:41  SCV  
  12  2:48  Marine  
  12  2:53  SCV  
  12  3:00  Barracks  
  12  3:05  SCV  
  12  3:06  Marine  
  12  3:15  Supply Depot  
  12  3:31  Marine  
  12  3:32  SCV  
  12  3:39  Supply Depot  
  12  3:44  SCV  
  12  3:45  SCV  
  12  3:49  Marine, Barracks  
  12  3:56  SCV  
  12  4:02  Supply Depot  
  12  4:06  Marine  
  12  4:07  Marine  
  12  4:24  Marine  
  12  4:28  SCV x2  
  12  4:30  Marine  
  12  4:36  Barracks  
  12  4:40  SCV x2  
  12  4:41  Refinery  
  12  4:42  Marine  
  12  4:48  Marine x2  
  12  4:52  SCV  
  12  4:53  SCV  
  12  4:59  Marine  
  12  5:06  Marine x2  
  12  5:17  Marine  
  12  5:24  Marine x2  
  12  5:31  SCV x2  
  12  5:32  Marine  
  12  5:35  Marine  
  12  5:41  Marine  
  12  5:42  Marine  
  12  5:43  Factory, SCV x2  
  12  5:50  Marine  
  12  5:53  Marine  
  12  5:55  SCV  
  12  5:59  Marine x2  
  12  6:19  Command Center  
  12  6:29  SCV  
  12  6:43  Supply Depot  
  12  6:55  Supply Depot  
  12  7:04  SCV x2, Supply Depot, Marine x4  
  12  7:06  Supply Depot  
  12  7:16  SCV x2  
  12  7:17  Starport  
  12  7:20  Supply Depot  
  12  7:22  Marine x4  
  12  7:27  Supply Depot  
  12  7:28  SCV x2  
  12  7:30  Supply Depot  
  12  7:40  SCV x2, Marine x3  
  12  7:43  Supply Depot  
  12  7:48  Barracks Tech Lab  
  12  7:51  Supply Depot  
  12  7:53  SCV x2  
  12  7:55  Starport  
  12  8:00  Barracks Tech Lab  
  12  8:01  Barracks Tech Lab x2  
  12  8:05  SCV x2, Marine  
  12  8:09  SCV  
  12  8:14  Supply Depot  
  12  8:17  SCV x2  
  12  8:23  Marine  
  12  8:34  Starport  
  12  8:36  Stimpack  
  12  8:41  Marine  
  12  8:48  SCV x3  
  12  8:50  Marine x3  
  12  8:55  Medivac  
  12  8:59  Marine  
  12  9:00  SCV x3  
  12  9:08  Marine x3  
  12  9:12  SCV x2  
  12  9:16  SCV  
  12  9:17  Marine  
  12  9:24  SCV x2  
  12  9:25  Medivac, Marine  
  12  9:26  Marine x2  
  12  9:28  SCV  
  12  9:40  Marine  
  12  9:42  Medivac  
  12  9:43  Medivac  
  12  9:55  Medivac  
  12  9:57  Marine x3  
  12  9:58  Marine  
  12  10:12  Medivac  
  12  10:13  Medivac  
  12  10:15  Marine x3  
  12  10:16  SCV x2, Marine  
  12  10:25  Medivac  
  12  10:27  Refinery  
  12  10:33  Marine x4  
  12  10:42  Medivac x2  
  12  10:50  Marine, Refinery  
  12  10:51  Marine x3  
  12  10:55  Medivac  
  12  11:08  Marine x2  
  12  11:24  Supply Depot  
  12  11:45  Medivac x3, Marine x2  
  12  11:47  Supply Depot  
  12  11:55  Supply Depot  
  12  12:08  Marine x4  
  12  12:10  Supply Depot  
  12  12:19  Supply Depot  
  12  12:26  Marine  
  12  12:32  Supply Depot  
  12  12:42  Supply Depot  
Tags
 
Add a new tag
Caveats
  • Supply blocks, unpowered buildings, or Contaminate may cause inaccurate times.
  • Supply counts are checked every 10 seconds.